 Seeded DCSS version 0.27.1-35-g4d5d836560 (webtiles) character file.

Game seed: 10820907801473198521 (custom seed)

38 cbfl8 the Skirmisher (level 3, -1/33 HPs)
             Began as a Hill Orc Fighter on Mar 26, 2022.
             Succumbed to an adder's poison
             ... on level 2 of the Dungeon.
             The game lasted 00:02:13 (1107 turns).

cbfl8 the Skirmisher (Hill Orc Fighter)             Turns: 1107, Time: 00:02:13

Health: -1/33      AC:  6    Str: 19    XL:     3   Next: 43%
Magic:  3/3        EV:  7    Int:  8    God:
Gold:   65         SH:  9    Dex: 10    Spells: 2/2 levels left

rFire    . . .     SeeInvis .   a - +0 war axe
rCold    . . .     Faith    .   c - +0 kite shield
rNeg     . . .     Spirit   .   b - +0 scale mail
rPois    .         Reflect  .   (no helmet)
rElec    .         Harm     .   (no cloak)
rCorr    .         Rampage  .   (no gloves)
Will     .....                  (no boots)
Stlth    ..........             (no amulet)
HPRegen  0.11/turn              (no ring)
MPRegen  0.08/turn              (no ring)

@: mighty, lethally poisoned (-1 -> -7)
A: no striking features
a: no special abilities


You were on level 2 of the Dungeon.
You visited 1 branch of the dungeon, and saw 2 of its levels.

You collected 65 gold pieces.

Inventory:

Hand Weapons
 a - a +0 war axe (weapon)
Armour
 b - a +0 scale mail (worn)
 c - a +0 kite shield (worn)


   Skills:
 + Level 4.2 Fighting
 + Level 2.9 Axes
 + Level 3.5 Armour
 + Level 0.7 Dodging
 + Level 3.7 Shields


You had 2 spell levels left.
You didn't know any spells.
Your spell library contained the following spells:

 Spells                   Type           Power      Damage    Failure   Level
 Blink                    Tloc           N/A        N/A       100%        2
 Lesser Beckoning         Tloc           0%         N/A       100%        3
 Manifold Assault         Tloc           0%         N/A       100%        5


Dungeon Overview and Level Annotations

Branches:
Dungeon (2/15)

Altars:
Beogh


Message History

You kill the jackal!
You feel sick.
The adder bites you but does no damage. x2
You hit the adder but do no damage.
You feel sick. The adder bites you.
You are more poisoned.
The adder poisons you! You block the adder's attack.
You completely miss the adder.
You feel sick. The adder bites you.
You are more poisoned.
The adder poisons you! You block the adder's attack.
You completely miss the adder.
You feel very sick. You block the adder's attack. The adder bites you.
You hit the adder.
The adder is heavily wounded.
You feel very sick.
The adder bites you but does no damage. x2
You closely miss the adder.
The adder is heavily wounded.
You feel sick. You block the adder's attack. The adder bites you.
* * * LOW HITPOINT WARNING * * *
You are more poisoned.
The adder poisons you!
You barely miss the adder.
The adder is heavily wounded.
You feel sick. You block the adder's attack. The adder bites you.
* * * LOW HITPOINT WARNING * * *
You are lethally poisoned!
The adder poisons you!
You slash the adder!
You kill the adder!
* * * LOW HITPOINT WARNING * * *
You feel very sick.
There is a lethal amount of poison in your body!
There is a lethal amount of poison in your body!
You feel very mighty all of a sudden.
* * * LOW HITPOINT WARNING * * *
You feel sick.
There is a lethal amount of poison in your body!
There is a lethal amount of poison in your body!
There is a lethal amount of poison in your body!
You die...

.> .......
..#..#...
.#..#.##
...:.. #..#.#
####..#.###.##
#.............
#<....@.......
#........#....
#........# .
#........#
#........#
##########


There were no monsters in sight!

Vanquished Creatures
  An adder (D:2)
  3 bats (D:1)
  3 endoplasms (D:1)
  A giant cockroach (D:1)
  A hobgoblin (D:1)
  2 jackals
  6 ball pythons (D:1)
  A frilled lizard (D:1)
  4 goblins (D:1)
  A kobold (D:1)
  7 rats (D:1)
30 creatures vanquished.

Notes
Turn   | Place    | Note
-------+----------+-------------------------------------------
     0 | D:1      | cbfl8 the Hill Orc Fighter began the quest for the Orb.
     0 | D:1      | Reached XP level 1. HP: 19/19 MP: 1/1
   116 | D:1      | Reached skill level 4 in Fighting
   119 | D:1      | Reached XP level 2. HP: 7/27 MP: 2/2
   527 | D:1      | Found a roughly hewn altar of Beogh.
   625 | D:1      | Reached XP level 3. HP: 33/33 MP: 3/3
   994 | D:1      | Found a faded altar of an unknown god.
  1106 | D:2      | HP: 1/33 [poisoned by an adder]
  1107 | D:2      | Succumbed to an adder's poison

Illustrated notes

Levels and vault maps discovered:
D:1:      heliophobic_arrival_dark_side_of_the_moon, layout_basic,
          hellmonk_ecumenical_altar_defaced_shrine, st_stairs_1
D:2:      layout_basic

Skill      XL: |  1 |
---------------+----+-----
Fighting       | 4 |  4.2
Axes           | |  2.9
Armour         | |  3.5
Dodging        | |  0.7
Shields        | |  3.7

Action                   || total
-------------------------++-------
Melee: War axe           ||    67
  Use: Scroll            ||     3
       Potion            ||     1
Armor: Scale mail        ||    78
Dodge: Dodged            ||    47
Block: Kite shield       ||    77
